 Dungeon Crawl Stone Soup version 0.24.0-13-gcf9b319 (webtiles) character file.

Game seed: 3461004286549446597, levelgen mode: deterministic

129 Bronimir the Firebug (level 5, -4/28 HPs)
             Began as a Tengu Fire Elementalist on Mar 29, 2020.
             Slain by an orc priest (6 damage)
             ... on level 3 of the Dungeon.
             The game lasted 00:05:59 (2893 turns).

Bronimir the Firebug (Tengu Fire Elementalist)      Turns: 2893, Time: 00:05:59

Health: -4/28      AC:  3    Str: 10    XL:     5   Next: 12%
Magic:  1/9        EV: 12    Int: 15    God:
Gold:   111        SH:  0    Dex: 14    Spells: 2/8 levels left

rFire    . . .     SeeInvis .   a - +0 spear
rCold    . . .     Gourm    .   (no shield)
rNeg     . . .     Faith    .   x - +0 leather armour
rPois    .         Spirit   .   (helmet restricted)
rElec    .         Reflect  .   (no cloak)
rCorr    .         Harm     .   (no gloves)
MR       .....                  (boots unavailable)
Stlth    ++........             (no amulet)
HPRegen  0.09/turn              (no ring)
MPRegen  0.11/turn              (no ring)

@: very slightly contaminated
A: beak, talons 3, able to fly
a: Fly


You were on level 3 of the Dungeon.
You were not hungry.

You visited 1 branch of the dungeon, and saw 3 of its levels.

You collected 111 gold pieces.

Inventory:

Hand Weapons
 a - a +0 spear (weapon)
 b - a +0 hunting sling
 l - a +2 dagger of speed
 q - a +0 whip
 y - a +0 hand axe
Missiles
 g - 9 poisoned darts (quivered)
 i - 94 stones
 n - 73 arrows
 o - 18 sling bullets
Armour
 e - a +0 leather armour
 f - a +0 robe
 x - a +0 leather armour (worn)
Scrolls
 d - a scroll of identify {unknown}
 h - a scroll of noise {unknown}
 k - a scroll of remove curse {unknown}
 m - a scroll of magic mapping {unknown}
 p - 2 scrolls of teleportation {unknown}
 s - a scroll of enchant weapon {unknown}
 u - a scroll of immolation {unknown}
 w - a scroll of enchant armour {unknown}
Potions
 j - a potion of brilliance {unknown}
 r - a potion of agility {unknown}
 t - a potion of curing {unknown}
 v - a potion of ambrosia {unknown}
 z - a potion of mutation {unknown}
Comestibles
 c - 3 rations


   Skills:
 + Level 0.9 Fighting
 + Level 1.5 Axes
 * Level 1.1 Armour
 + Level 2.6 Dodging
 - Level 2.4 Stealth
 * Level 2.4 Spellcasting
 * Level 2.7 Conjurations
 * Level 4.2 Fire Magic


You had 2 spell levels left.
You knew the following spells:

 Your Spells              Type           Power        Failure   Level  Hunger
a - Flame Tongue          Conj/Fire      ##...        7%          1    #......
b - Throw Flame           Conj/Fire      ##....       11%         2    ###....
c - Conjure Flame         Conj/Fire      ##......     21%         3    ###....

Your spell library contained the following spells:

 Spells                   Type           Power        Failure   Level  Hunger
 Inner Flame              Hex/Fire       #.......     36%         3    ###....
 Sticky Flame             Conj/Fire      ##......     56%         4    #####..
 Fireball                 Conj/Fire      ##........   88%         5    ######.


Dungeon Overview and Level Annotations

Branches:
Dungeon (3/15)

Altars:


Innate Abilities, Weirdness & Mutations

You have a beak for a mouth.
You have claws for feet.
You can fly continuously.


Message History

The orc priest is lightly wounded.
The orc priest hits you.
* * * LOW HITPOINT WARNING * * *
Casting: Flame Tongue (safe; 7% risk of failure)
Confirm with . or Enter, or press ? or * to list all spells.
Aiming: Flame Tongue (safe; 7% risk of failure)
Press: ? - help, Shift-Dir - straight line, f/p - orc priest
Aim: an orc priest (lightly wounded)
The flame tongue hits the orc priest.
The orc priest is heavily wounded.
The orc priest misses you.
Casting: Flame Tongue (safe; 7% risk of failure)
Confirm with . or Enter, or press ? or * to list all spells.
Aiming: Flame Tongue (safe; 7% risk of failure)
Press: ? - help, Shift-Dir - straight line, f/p - orc priest
Aim: an orc priest (heavily wounded)
The flame tongue hits the orc priest.
The orc priest is severely wounded.
The orc priest hits you.
You die...

#.? .# #..#.###
.... .#+#### #...
....... >.# ..K....
#########.# .......
#......##.##K......
####.#...(.......
#@ooo....#.....%.
#######..##......
....# .o..o. ##..r#
..... #.#.r ..o..
#.#.#S .o.. .....>g
#### .#.#.# #.


You could see an orc priest, an orc wizard and an orc.

Vanquished Creatures
  A worker ant (D:2)
  5 adders
  A worm (D:2)
  3 dart slugs (D:1)
  An orc (D:2)
  6 bats
  2 giant cockroaches
  2 goblins
  6 hobgoblins
  14 kobolds
  2 quokkas
  5 frilled lizards
  7 rats
55 creatures vanquished.

Notes
Turn   | Place    | Note
-------+----------+-------------------------------------------
     0 | D:1      | Bronimir the Tengu Fire Elementalist began the quest for
                  | the Orb.
     0 | D:1      | Reached XP level 1. HP: 10/10 MP: 4/4
   514 | D:1      | Reached XP level 2. HP: 15/15 MP: 6/6
  1375 | D:1      | Reached XP level 3. HP: 17/19 MP: 7/7
  1449 | D:2      | Reached skill level 1 in Axes
  1728 | D:2      | Reached skill level 4 in Fire Magic
  1728 | D:2      | Reached XP level 4. HP: 18/24 MP: 3/8
  1946 | D:2      | Learned a level 2 spell: Throw Flame
  1950 | D:2      | Learned a level 3 spell: Conjure Flame
  2088 | D:2      | Reached skill level 1 in Armour
  2806 | D:3      | Gained mutation: You can fly continuously. [Tengu growth]
  2806 | D:3      | Reached XP level 5. HP: 28/28 MP: 7/9
  2893 | D:3      | Slain by an orc priest

Levels and vault maps discovered:
D:1:      lightli_arrival_statue_moat, layout_basic
D:2:      layout_rooms, hangedman_decor_clover_reticule, grunt_ministairs_15
D:3:      layout_basic, hellmonk_ghost_happy_afterlife, minmay_crystal_water,
          st_stairs_8, xom_redecorated

Skill      XL: |  1  2  3  4 |
---------------+-------------+-----
Axes           | 1 |  1.5
Conjurations   | 2 |  2.7
Fire Magic     | 4 |  4.2
Armour         | 1 |  1.1
Fighting       | |  0.9
Dodging        | |  2.6
Stealth        | |  2.4
Spellcasting   | |  2.4

Action                   |  1- 3 |  4- 6 || total
-------------------------+-------+-------++-------
Melee: Dagger            |    13 |       ||    13
       Kick              |    14 |     2 ||    16
       Peck              |     8 |     3 ||    11
       Hand axe          |    39 |    14 ||    53
       Spear             |       |     4 ||     4
 Cast: Flame Tongue      |    12 |    47 ||    59
       Throw Flame       |       |     3 ||     3
 Stab: Sleeping          |     3 |     1 ||     4
  Eat: Chunk             |     3 |     4 ||     7
Armor: Robe              |    13 |    11 ||    24
Dodge: Dodged            |    44 |    51 ||    95
